 Dungeon Crawl Stone Soup version 0.31-a0-859-g9dce7d3444 (webtiles) character file.

Game seed: 14662805221409978567

112 javelincjr the Sneak (level 4, 0/27 HPs)
             Began as an Octopode Hedge Wizard on Oct 9, 2023.
             Slain by Natasha (2 damage)
             ... on level 3 of the Dungeon.
             The game lasted 00:07:18 (2495 turns).

javelincjr the Sneak (Octopode Hedge Wizard)        Turns: 2495, Time: 00:07:18

Health: 0/27       AC:  1    Str:  9    XL:     4   Next: 93%
Magic:  9/9        EV: 13    Int: 18    God:
Gold:   116        SH:  0    Dex: 11    Spells: 4/9 levels left

rFire   . . .        d - +1 whip (venom)
rCold   . . .        (no shield)
rNeg    . . .        b - +0 hat
rPois   .            (no amulet)
rElec   .            (no ring)
rCorr   .            (no ring)
SInv    .            (no ring)
Will    .....        (no ring)
Stlth   +++          (no ring)
HPRegen 0.24/turn    (no ring)
MPRegen 0.11/turn    (no ring)
                     (no ring)

%: no passive effects
@: slowed, very slow
A: almost no armour, amphibious, 8 rings, camouflage 1, gelatinous body 1,
(nimble swimmer 1), tentacles
a: no special abilities


You were on level 3 of the Dungeon.
You visited 1 branch of the dungeon, and saw 3 of its levels.

You collected 116 gold pieces.

Inventory:

Hand Weapons
 a - a +0 dagger
 d - a +1 whip of venom (weapon)
 o - a +2 dagger of holy wrath
Missiles
 s - a throwing net
Armour
 b - a +0 hat (worn)
Jewellery
 j - an amulet of reflection
Scrolls
 e - a scroll of immolation {unknown}
 h - a scroll of silence {unknown}
 k - a scroll of brand weapon {unknown}
 l - 2 scrolls of teleportation {unknown}
 q - a scroll of identify {unknown}
 r - a scroll of enchant weapon {unknown}
Potions
 c - a potion of magic
 f - 2 potions of curing {unknown}
 g - 3 potions of heal wounds {unknown}
 i - 3 potions of degeneration {unknown}
 m - a potion of might {unknown}
 n - a potion of invisibility {unknown}
 p - a potion of brilliance {unknown}


   Skills:
 + Level 2.6 Dodging
 + Level 3.6 Stealth
 * Level 3.4 Spellcasting
 * Level 2.1 Conjurations
 * Level 2.1 Summonings
 + Level 1.6 Translocations


You had 4 spell levels left.
You knew the following spells:

 Your Spells              Type           Power      Damage    Failure   Level
a - Magic Dart            Conj           40%        1d5       7%          1
b - Call Imp              Summ           20%        N/A       10%         2
c - Blink                 Tloc           16%        N/A       12%         2

Your spell library contained the following spells:

 Spells                   Type           Power      Damage    Failure   Level
 Slow                     Hex            12%        N/A       16%         1
 Cigotuvi's Dreadful Rot  Necr/Pois/Air  6%         N/A       24%         2
 Mephitic Cloud           Conj/Pois/Air  5%         N/A       34%         3
 Inner Flame              Hex/Fire       3%         N/A       43%         3
 Ozocubu's Armour         Ice            3%         N/A       43%         3
 Flame Wave               Conj/Fire      6%         2d5       69%         4
 Sticky Flame             Conj/Fire      6%         2d3       69%         4
 Ozocubu's Refrigeration  Ice            1%         4d7       100%        7


Dungeon Overview and Level Annotations

Branches:
Dungeon (3/15)

Altars:
Trog

Annotations:
D:3 Natasha


Innate Abilities, Weirdness & Mutations

You cannot wear most types of armour.
You are amphibious.
You can wear up to eight rings at the same time.
Your skin changes colour to match your surroundings (Stealth+).
Your rubbery body absorbs attacks. (AC +1, EV +1)
((You are camouflaged when in or above water. (Stealth+)))
You have tentacles for arms and can constrict up to eight enemies at once.


Message History

You feel yourself slow down. Natasha claws you.
You barely miss Natasha. Your grab misses Natasha. You tentacle-slap Natasha.
Your squeeze misses Natasha.
Natasha is lightly wounded.
Natasha mumbles some strange words.
Natasha stares at you and mumbles some strange words.
You resist with some effort.
You barely miss Natasha. You grab Natasha.
Natasha is lightly wounded.
You constrict Natasha, but do no damage.
Natasha barely misses you.
The cerulean imp hits you but does no damage.
You hit Natasha but do no damage.
Natasha is poisoned.
Your squeeze misses Natasha.
Natasha is lightly wounded.
You constrict Natasha.
Natasha mumbles some strange words.
The cerulean imp hits you from afar with a +0 spear.
Natasha stares at you and mumbles some strange words.
You resist with some effort. The cerulean imp barely misses you.
You are too injured to fight recklessly!
You are too injured to fight recklessly!
You are too injured to fight recklessly!
You hit Natasha.
Natasha looks even sicker.
Natasha is heavily wounded.
You constrict Natasha, but do no damage.
Natasha casts a spell.
The cerulean imp hits you from afar with a +0 spear.
The cerulean imp hits you but does no damage.
Natasha claws you.
* * * LOW HITPOINT WARNING * * *
You barely miss Natasha. You tentacle-slap Natasha. You squeeze Natasha.
Natasha is severely wounded.
You constrict Natasha. The cerulean imp misses you.
The cerulean imp hits you from afar with a +0 spear.
* * * LOW HITPOINT WARNING * * *
Natasha claws you.
You die...
Natasha begins licking her fur clean.

#### ..# #.# #.#######
##...5@h5#### #..>...>....# #.
###...####5##.#
#.#####...........#.#
#...........####..#.#
#.....^...........#.###########
#..####.#..####...............(
#...........# #...#.######.####
###.......)...###...#.######.#


You could see Natasha (very poisoned) and 3 cerulean imps.

Vanquished Creatures
  Natasha (D:3)
  An adder (D:2)
  An orc (D:2)
  3 endoplasms
  3 giant cockroaches
  7 goblins
  5 hobgoblins
  2 jackals (D:1)
  A quokka (D:1)
  7 ball pythons
  2 bats
  2 frilled lizards (D:2)
  6 kobolds
  3 rats
44 creatures vanquished.

Vanquished Creatures (collateral kills)
  Natasha (D:3)
  A worm (D:3)
  A hobgoblin (D:2)
  A kobold (D:3)
4 creatures vanquished.

Grand Total: 48 creatures vanquished

Notes
Turn   | Place    | Note
-------+----------+-------------------------------------------
     0 | D:1      | javelincjr the Octopode Hedge Wizard began the quest for
                  | the Orb.
     0 | D:1      | Reached XP level 1. HP: 11/11 MP: 4/4
   220 | D:1      | Reached XP level 2. HP: 11/17 MP: 0/6
   223 | D:1      | Learned a level 2 spell: Call Imp
   226 | D:1      | Learned a level 2 spell: Blink
  1112 | D:2      | Reached XP level 3. HP: 21/21 MP: 1/7
  2126 | D:3      | Noticed Natasha
  2134 | D:3      | Killed Natasha
  2135 | D:3      | Reached XP level 4. HP: 16/27 MP: 1/9
  2383 | D:3      | Found a bloodstained altar of Trog.
  2465 | D:3      | Noticed Natasha
  2471 | D:3      | Killed Natasha
  2486 | D:3      | Noticed Natasha
  2495 | D:3      | Slain by Natasha

Illustrated notes

Levels and vault maps discovered:
D:1:      nzn_arrival_water_spiral, layout_loops_ring
D:2:      layout_loops_ring, grunt_ministairs_2
D:3:      layout_loops_ring, trog_hazing_becter, uniq_natasha

Skill      XL: |  1  2  3  4 |
---------------+-------------+-----
Stealth        | 3 |  3.6
Summonings     | 2 |  2.1
Conjurations   | 2 |  2.1
Dodging        | |  2.6
Spellcasting   | |  3.4
Translocations | |  1.6

Action                     |  1- 3 |  4- 6 || total
---------------------------+-------+-------++-------
  Melee: Whip              |    25 |    20 ||    45
         Constrict         |     6 |     5 ||    11
         Tentacles         |     4 |     6 ||    10
         Dagger            |     1 |       ||     1
         Punch             |       |     2 ||     2
   Cast: Magic Dart        |    59 |     5 ||    64
         Call Imp          |     3 |     3 ||     6
   Stab: Sleeping          |     4 |     1 ||     5
 Armour: Skin              |     7 |    19 ||    26
  Dodge: Dodged            |    14 |    17 ||    31

Table legend: (Time is in decaauts)
 A = Elapsed time spent in this place.
 B = Non-inter-level travel time spent in this place.
 C = Inter-level travel time spent in this place.
 D = Time resting spent in this place.
 E = Time spent auto-exploring this place.
 F = Levels seen in this place.
 G = Mean time per level.
                   A        B        C        D        E       F      G
               +--------+--------+--------+--------+--------+-----+--------+
         Total |   2509 |   2458 |     51 |      0 |   2139 |   3 |  836.3 |
       Dungeon |   2509 |   2458 |     51 |      0 |   2139 |   3 |  836.3 |
               +--------+--------+--------+--------+--------+-----+--------+

Top non-repeatable levels by time:
     D:2: 1152 daAuts
     D:1: 887 daAuts
     D:3: 470 daAuts
